 Dungeon Crawl Stone Soup version 0.26-a0-1020-ge47f559bc5 (webtiles) character file.

Game seed: 9660499963812418493

3 Morbidden the Conjurer (level 1, -3/13 HPs)
             Began as a Demonspawn Conjurer on Dec 8, 2020.
             Slain by a kobold
             ... wielding a +0 whip
              (7 damage)
             ... on level 2 of the Dungeon.
             The game lasted 00:00:45 (113 turns).

Morbidden the Conjurer (Demonspawn Conjurer)         Turns: 113, Time: 00:00:46

Health: -3/13      AC:  2    Str:  5 (7)  XL:     1   Next: 41%
Magic:  0/3        EV: 12    Int: 16 (19) God:
Gold:   0          SH:  0    Dex:  9 (11) Spells: 3/4 levels left

rFire    . . .     SeeInvis .   (no weapon)
rCold    . . .     Faith    .   (no shield)
rNeg     . . .     Spirit   .   a - +0 robe
rPois    .         Reflect  .   (no helmet)
rElec    .         Harm     .   (no cloak)
rCorr    .         Rampage  .   (no gloves)
Will     .....                  (no boots)
Stlth    ++........             (no amulet)
HPRegen  0.04/turn              (no ring)
MPRegen  0.08/turn              (no ring)

@: attractive
A: no striking features
a: no special abilities


You were on level 2 of the Dungeon.
You visited 1 branch of the dungeon, and saw 2 of its levels.

Inventory:

Armour
 a - a +0 robe (worn)
Potions
 d - a potion of degeneration
 e - a potion of berserk rage {unknown}


   Skills:
 + Level 1.7 Dodging
 + Level 1.7 Stealth
 + Level 2.0 Spellcasting
 + Level 4.2 Conjurations


You had 3 spell levels left.
You knew the following spells:

 Your Spells              Type           Power        Failure   Level
a - Magic Dart            Conj           ###.         3%          1

Your spell library contained the following spells:

 Spells                   Type           Power        Failure   Level
 Searing Ray              Conj           ###...       5%          2
 Dazzling Flash           Conj/Hex       #.....       26%         3
 Fulminant Prism          Conj/Hex       #.........   65%         4
 Iskenderun's Mystic Bla  Conj/Tloc      #.......     65%         4


Dungeon Overview and Level Annotations

Branches:
Dungeon (2/15)

Altars:


Message History

Unknown command.
Unknown command.
Casting: Magic Dart (safe; 3% risk of failure)
Confirm with . or Enter, or press ? or * to list all spells.
Aiming: Magic Dart (safe; 3% risk of failure)
Press: ? - help, Shift-Dir - straight line, f - kobold
Aim: a kobold, wielding a +0 whip (0% to evade)
The magic dart hits the kobold.
The kobold is severely wounded.
The kobold misses you.
Unknown command.
Unknown command.
You hit the kobold but do no damage.
The kobold is severely wounded.
The kobold hits you but does no damage.
You closely miss the kobold.
The kobold is severely wounded.
The kobold hits you with a +0 whip!
Ouch! That really hurt!
You die...

#.# #.# .# #.# #.# ♣.♣
#.# #.##..# ########
#.# #.#.♣.♣
...h$<.###.#####.#...#
#.####.#...........♣
#............K...#.#
##########.#######.♣
#..†..K@.(#
#########.♣ #... #####


You could see a kobold.

Vanquished Creatures
  2 jackals (D:2)
  A rat (D:2)
3 creatures vanquished.

Vanquished Creatures (others)
  2 plants (D:2)
2 creatures vanquished.

Grand Total: 5 creatures vanquished

Notes
Turn   | Place    | Note
-------+----------+-------------------------------------------
     0 | D:1      | Morbidden the Demonspawn Conjurer began the quest for the
                  | Orb.
     0 | D:1      | Reached XP level 1. HP: 13/13 MP: 3/3
   113 | D:2      | Slain by a kobold

Illustrated notes

Levels and vault maps discovered:
D:1:      dpeg_arrival_simpleton_b, layout_rooms
D:2:      layout_loops_ring, lemuel_crystal_altar, grunt_qazlal_sundering,
          serial_forest, infiniplex_forest_straight_1,
          infiniplex_forest_straight_5, infiniplex_forest_clump_long,
          infiniplex_forest_end_3, infiniplex_forest_lined_3,
          infiniplex_forest_lined_corner, infiniplex_forest_clump_diagonal,
          infiniplex_forest_end_1, lexackson_kobold_supper

Action                   || total
-------------------------++-------
Melee: Unarmed           ||     5
 Cast: Magic Dart        ||    10
  Use: Potion            ||     3
 Stab: Sleeping          ||     1
Armor: Robe              ||    11
Dodge: Dodged            ||    26

Table legend: (Time is in decaauts)
 A = Elapsed time spent in this place.
 B = Non-inter-level travel time spent in this place.
 C = Inter-level travel time spent in this place.
 D = Time resting spent in this place.
 E = Time spent auto-exploring this place.
 F = Levels seen in this place.
 G = Mean time per level.
                   A        B        C        D        E       F      G
               +--------+--------+--------+--------+--------+-----+--------+
         Total |    112 |    112 |      0 |      0 |     36 |   2 |   56.0 |
       Dungeon |    112 |    112 |      0 |      0 |     36 |   2 |   56.0 |
               +--------+--------+--------+--------+--------+-----+--------+

Top non-repeatable levels by time:
     D:1: 60 daAuts
     D:2: 52 daAuts
